 Dungeon Crawl Stone Soup version 0.17-a0-1373-g64d4c99 (webtiles) character file.

208 wotan the Ruffian (level 5, -3/45 HPs)
             Began as a Ghoul Monk on June 13, 2015.
             Slain by a mummy (7 damage)
             ... on level 4 of the Dungeon.
             The game lasted 00:08:56 (2107 turns).

wotan the Ruffian (Ghoul Monk)                      Turns: 2107, Time: 00:08:57

Health: -3/45      AC:  6    Str: 15    XL:     5   Next: 86%
Magic:  4/4        EV: 10    Int:  5    God:
Gold:   104        SH:  0    Dex: 12    Spells: 0 memorised, 4 levels left

rFire  . . .     SeeInvis +       - Unarmed
rCold  + . .     Clarity  .     o - +0 scale mail
rNeg   + + +     SustAt   .     (no shield)
rPois  ∞         Gourm    .     (no helmet)
rElec  .         Spirit   .     (no cloak)
rCorr  .         Warding  .     (no gloves)
rMut   .         Stasis   .     (no boots)
MR     .....                    (no amulet)
Stlth  +.........               (no ring)
                                l - ring of see invisible

@: rotting, not resistant to hostile enchantments, very unstealthy
A: rotting body, claws 1, carnivore 3, cold resistance 1, negative energy
resistance 3, slow healing 1, torment resistance, unbreathing
a: no special abilities


You were on level 4 of the Dungeon.
You were not hungry.

You visited 1 branch of the dungeon, and saw 4 of its levels.
You also visited: Ossuary.

You collected 104 gold pieces.

Inventory:

Armour
 o - a +0 scale mail (worn)
Jewellery
 a - an uncursed amulet of warding {unknown}
 l - a ring of see invisible (left claw)
Magical devices
 h - a wand of slowing (15)
 n - a wand of flame (36)
 s - a wand of lightning (5)
 t - a wand of hasting (4)
Scrolls
 c - 2 scrolls of teleportation
 j - a scroll of recharging {unknown}
 k - a scroll of remove curse {unknown}
 p - a scroll of immolation {unknown}
 q - a scroll of fog {unknown}
Potions
 d - 2 potions of heal wounds
 e - a potion of cure mutation {unknown}
 f - 2 potions of curing
 g - a potion of lignification {unknown}
 i - 2 potions of might
 m - a potion of beneficial mutation {unknown}
 u - a potion of degeneration {unknown}
Comestibles
 b - 2 meat rations
 r - a slice of pizza


   Skills:
 - Level 3.4 Fighting
 - Level 2.8 Dodging
 - Level 2.2 Stealth
 + Level 7.4 Unarmed Combat


You had 4 spell levels left.
You didn't know any spells.

Dungeon Overview and Level Annotations

Branches:
Dungeon (4/15)
 Temple: D:4-7

Altars:
Gozag
Nemelex Xobeh
Okawaru
Ru
Zin

Shops:
D:3 *   D:4 %


Innate Abilities, Weirdness & Mutations

Your body is rotting away.
You thrive on raw meat.
You are immune to poison.
You have sharp fingernails.
You are carnivorous and can eat meat at any time.
Your flesh is cold resistant.
You are immune to negative energy.
You heal slowly when monsters are visible.
You are immune to unholy pain and torment.
You can survive without breathing.


Message History

You claw the mummy!
The mummy is heavily damaged.
The mummy hits you. The mummy closely misses you. The mummy barely misses you.
You scratch the mummy.
The mummy is severely damaged.
The mummy hits you but does no damage. The mummy hits you!
You claw the mummy!
You destroy the mummy!
The mummy hits you. The mummy barely misses you.
Your scale mail prevents you from hitting the mummy.
The mummy hits you!
* * * LOW HITPOINT WARNING * * *
There is a gate leading back out of this place here.
Welcome back to the Dungeon!
The quokka zombie barely misses you.
The quokka zombie bites you but does no damage. x2
The quokka zombie bites you.
* * * LOW HITPOINT WARNING * * *
There is a collapsed entrance here.
The mummy hits you!
You die...

*********** *,,,,,,,,,*
*,#######,* *********
**,#.@MZ.#,***,,,,,,,,
*,,#.MZ..#,,,,,,******
**********##,,#.#[#.#,**,,,*
,,,,,,,,,,,..,#.#.#.#,,,.,,****
,,,*********#.###.###....,,,,,***
**,*##* #.........#***,**,,,,
,,,,..* ####.##<### *,******
,***#.* #.#*.# *,* *,,, ,* #.##
#.#*,# *,* *,**


You could see 2 mummies and 2 quokka zombies.

Vanquished Creatures
  A slave (D:4)
  An orc wizard (D:3)
  Natasha (thrice) (D:3)
  A mummy (Ossuary)
  A gnoll (D:1)
  A shadow imp (D:3)
  5 adders
  A worm (D:2)
  2 giant geckos (D:1)
  4 orcs (D:3)
  3 bats
  5 giant cockroaches
  4 goblins
  10 hobgoblins
  6 jackals (D:3)
  2 quokkas
  A ball python (D:3)
  2 giant newts
  A kobold (D:2)
  2 kobold zombies (Ossuary)
  4 orc zombies (Ossuary)
  8 rats
68 creatures vanquished.

Notes
Turn   | Place    | Note
--------------------------------------------------------------
     0 | D:1      | wotan the Ghoul Monk began the quest for the Orb.
     0 | D:1      | Reached XP level 1. HP: 19/19 MP: 0/0
    39 | D:1      | Reached XP level 2. HP: 26/26 MP: 1/1
   170 | D:1      | Reached skill level 5 in Unarmed Combat
   622 | D:1      | Reached XP level 3. HP: 17/28 MP: 2/2
   907 | D:2      | Found a sparkling altar of Nemelex Xobeh.
   911 | D:2      | Found an iron altar of Okawaru.
   962 | D:2      | Reached XP level 4. HP: 38/38 MP: 3/3
  1007 | D:2      | Reached skill level 6 in Unarmed Combat
  1315 | D:3      | Noticed Natasha
  1319 | D:3      | Killed Natasha
  1319 | D:3      | Reached XP level 5. HP: 31/45 MP: 4/4
  1358 | D:3      | Found an opulent altar of Gozag.
  1361 | D:3      | Found Gozag's Platinum Reserve.
  1517 | D:3      | Found a sacrificial altar of Ru.
  1526 | D:3      | Reached skill level 7 in Unarmed Combat
  1620 | D:3      | Found a glowing silver altar of Zin.
  1710 | D:3      | Noticed Natasha
  1716 | D:3      | Killed Natasha
  1762 | D:3      | Found a faded altar to an unknown god.
  1820 | D:3      | Noticed Natasha
  1825 | D:3      | Killed Natasha
  1922 | D:4      | Found Gaedd's Food Shop.
  1962 | D:4      | Found a sand-covered staircase.
  1965 | D:4      | Noticed a slave
  1985 | D:4      | Killed a slave
  1988 | Ossuary  | Entered an ossuary
  2107 | D:4      | Slain by a mummy

Vault maps used:
D:1:      lemuel_arrival_behind_the_door_large
D:2:      grunt_temple_overflow_open, first_bread
D:3:      lemuel_crystal_altar, nicolae_ru_great_annihilating_truth,
          ecumenical_altar_1, nicolae_gozag_zags_fifth_avenue, uniq_natasha
D:4:      minmay_goblin_kobold_castle, serial_shops, kennysheep_mini_moat,
          enter_ossuary_4, uniq_pikel
Ossuary:  ossuary_tomb_3

Action                   |  1- 3 |  4- 6 || total
-------------------------+-------+-------++-------
Melee: Unarmed           |    78 |   144 ||   222
  Use: Scroll            |       |     5 ||     5
 Stab: Sleeping          |     3 |       ||     3
       Invisible         |       |     1 ||     1
       Paralysed         |       |     1 ||     1
  Eat: Chunk             |     7 |     4 ||    11
